 Dungeon Sprint DCSS version 0.20-a0-217-g17e8ceb (console) character file.

14509 Blackmore the Severer (level 11, -13/121 HPs)
             Began as a Minotaur Fighter on Nov 28, 2016.
             Was the Champion of Okawaru.
             Mangled by a death cob (15 damage)
             ... in the Dungeon (Sprint VII: "The Pits").
             The game lasted 00:17:14 (3249 turns).

Blackmore the Severer (Minotaur Fighter)            Turns: 3249, Time: 00:17:15

Health: -13/121    AC: 19    Str: 24    XL:     11   Next: 89%
Magic:  12/12      EV: 11    Int:  5    God:    Okawaru [******]
Gold:   42         SH: 13    Dex: 10    Spells: 10/10 levels left

rFire  . . .     SeeInvis .     y - +10 broad axe {venom, Stlth+}
rCold  + . .     Gourm    .     K - +3 chain mail {rC+}
rNeg   . . .     Faith    .     c - +0 shield
rPois  .         Spirit   .     (helmet restricted)
rElec  .         Reflect  .     (no cloak)
rCorr  .         Harm     .     (no gloves)
MR     .....     NoTele   +     (no boots)
Stlth  ..........               (no amulet)
                                r - +3 ring of protection
                                d - +3 ring of evasion

@: very slightly contaminated, slowed, invisible, very slow
A: retaliatory headbutt, horns 2
a: Heroism, Finesse, Renounce Religion


You were in the Dungeon.
You worshipped Okawaru.
Okawaru was exalted by your worship.
You were hungry.

You visited 1 branch You collected 42 gold pieces.

Inventory:

Hand Weapons
 a - a +0 war axe
 x - a +2 war axe of distortion
 y - the +10 broad axe of Awkwardness (weapon) {venom, Stlth+}
   (Okawaru gifted it to you in the Dungeon)

   It poisons the flesh of those it strikes.
   It makes you more stealthy.
 z - a +1 scimitar of flaming
 L - a +5 vampiric trident
Missiles
 B - 3 silver tomahawks (quivered)
Armour
 c - a +0 shield (worn)
 s - a +2 plate armour
 w - a +0 helmet
 K - a +3 chain mail of cold resistance (worn)
Jewellery
 d - a +3 ring of evasion (left hand)
 r - a +3 ring of protection (right hand)
 G - an uncursed ring of protection from fire
 I - an uncursed ring of protection from cold
Wands
 b - a wand of lightning (10/15)
Scrolls
 m - 7 scrolls of remove curse
 n - 5 scrolls of amnesia
 A - a scroll of fog
 C - 4 scrolls of enchant armour
 E - 2 scrolls of enchant weapon
 F - a scroll of recharging
 H - 2 scrolls of identify
Potions
 e - 8 potions of curing
 g - 6 potions of heal wounds
 h - 2 potions of haste
 i - 4 potions of magic
 j - 7 potions of berserk rage
 l - a potion of invisibility
 t - 2 potions of might
 u - a potion of agility
 v - 3 potions of cure mutation
 D - a potion of brilliance
Comestibles
 f - 8 bread rations
 p - 40 fruits
 q - 7 meat rations


   Skills:
 * Level 18.6 Fighting
 * Level 20.6 Axes
 + Level 14.4 Armour
 + Level 14.3 Shields
 + Level 3.1 Invocations


You had 10 spell levels left.
You didn't know any spells.

Dungeon Overview and Level Annotations

Branches:
Dungeon (1/1)

Altars:
Ashenzari
Cheibriados
Dithmenos
Elyvilon
Fedhas
Gozag
Hepliaklqana
Kikubaaqudgha
Makhleb
Nemelex Xobeh
Okawaru
Qazlal
Ru
Sif Muna
Trog
Uskayaw
Vehumet
Xom
Yredelemnul
Zin
The Shining One
Beogh
Jiyva
Lugonu


Innate Abilities, Weirdness & Mutations

You reflexively headbutt those who attack you in melee.
You have a pair of horns on your head.


Message History

* * * LOW HITPOINT WARNING * * *
The death cob closely misses you.
You feel much better. You block the death cob's attack.
The death cob hits you!!
* * * LOW HITPOINT WARNING * * *
The death cob drains your vigour!
You feel as though you will be slow longer.
You catch the helpless death cob completely off-guard!
You open the death cob like a pillowcase!!!
The death cob is heavily damaged.
You feel yourself slow down. You block the death cob's attack.
You slice the death cob!!
The death cob is severely damaged.
The death cob hits you!
* * * LOW HITPOINT WARNING * * *
The death cob drains your vigour!
You feel as though you will be slow longer.
The death cob hits you!
You die...

#..# #.# #.. #..################..
#############....................
#__________##..............z.....
#__________###########''#########
#____#####'###########''#########
######)))#.##................##..
#.?(.')))'.##...z..#..#......##..
##########.##...@............''..
#...........'................'(..
#รท#####'#####......#..#......##.)
#.#..#..#..##................##..
#.#..'..'..#####'#####''#########
#.##'####'###.......##''#########
#.#........##.......##.)..##..'..
#.#........##.......##...##...#..
#.#####'#####...<...##..##...##..


You could see a death cob.

Vanquished Creatures
  A minotaur (D)
  A merfolk impaler (D)
  Harold (D)
  A sixfirhy (D)
  An unseen horror (D)
  A sea snake (D)
  A hill giant (D)
  2 swamp dragons (D)
  A phantasmal warrior (D)
  A deep elf mage (D)
  A necromancer (D)
  2 orc knights (D)
  2 orange demons (D)
  An eye of devastation (D)
  An efreet (D)
  3 rime drakes (D)
  A troll (D)
  A wind drake (D)
  7 blink frogs (D)
  2 merfolk (D)
  A flying skull (D)
  A wyvern (D)
  A shadow (D)
  4 redbacks (D)
  3 wraiths (D)
  A spriggan (D)
  A fire bat (D)
  A floating eye (D)
  2 porcupines (D)
  2 orc warriors (D)
  2 ice beasts (D)
  3 phantoms (D)
  2 big kobolds (D)
  A scorpion (D)
  A crimson imp (D)
  An orc priest (D)
  An orc wizard (D)
  An iguana (D)
  2 worker ants (D)
  A hell rat (D)
  2 river rats (D)
  2 adder skeletons (D)
  An adder zombie (D)
  A worm (D)
  An adder simulacrum (D)
  A leopard gecko (D)
  8 orcs (D)
  2 ball pythons (D)
  2 bat skeletons (D)
  A giant cockroach (D)
  3 jackals (D)
  3 quokkas (D)
  A ball python zombie (D)
  A bat (D)
  A frilled lizard (D)
  A kobold (D)
  A quokka simulacrum (D)
96 creatures vanquished.

Vanquished Creatures (others)
  A demonic crawler (D)
  A wolf (D)
  An orc (D)
3 creatures vanquished.

Grand Total: 99 creatures vanquished

Notes
Turn   | Place    | Note
-------+----------+-------------------------------------------
     0 | D        | Blackmore the Minotaur Fighter began the quest for the Orb.
     0 | D        | Reached XP level 1. HP: 19/19 MP: 0/0
    44 | D        | Found a radiant altar of Vehumet.
    44 | D        | Found a hide-covered altar of Uskayaw.
    44 | D        | Found an ancient bone altar of Kikubaaqudgha.
    44 | D        | Found a viscous altar of Jiyva.
    44 | D        | Found a hazy altar of Hepliaklqana.
    45 | D        | Found a bloodstained altar of Trog.
    45 | D        | Found a deep blue altar of Sif Muna.
    45 | D        | Found a sacrificial altar of Ru.
    45 | D        | Found a stormy altar of Qazlal.
    45 | D        | Found an iron altar of Okawaru.
    45 | D        | Found a sparkling altar of Nemelex Xobeh.
    45 | D        | Found an opulent altar of Gozag.
    45 | D        | Found a blossoming altar of Fedhas.
    45 | D        | Found a white marble altar of Elyvilon.
    45 | D        | Found a shadowy altar of Dithmenos.
    45 | D        | Found a snail-covered altar of Cheibriados.
    46 | D        | Found a glowing golden altar of the Shining One.
    46 | D        | Found a glowing silver altar of Zin.
    48 | D        | Found a burning altar of Makhleb.
    48 | D        | Found a basalt altar of Yredelemnul.
    48 | D        | Found a roughly hewn altar of Beogh.
    50 | D        | Found a corrupted altar of Lugonu.
    50 | D        | Found a shimmering altar of Xom.
    50 | D        | Found a shattered altar of Ashenzari.
    59 | D        | Became a worshipper of Warmaster Okawaru
    76 | D        | Reached skill level 3 in Axes
    76 | D        | Reached XP level 2. HP: 10/28 MP: 1/1
   274 | D        | Reached skill level 5 in Fighting
   274 | D        | Reached skill level 4 in Axes
   274 | D        | Reached XP level 3. HP: 31/37 MP: 2/2
   277 | D        | Reached skill level 5 in Axes
   277 | D        | Reached skill level 5 in Armour
   277 | D        | Reached skill level 5 in Shields
   321 | D        | Noticed a porcupine
   326 | D        | Killed a porcupine
   326 | D        | Reached * piety under Okawaru
   326 | D        | Reached skill level 7 in Axes
   326 | D        | Reached XP level 4. HP: 31/48 MP: 3/3
   326 | D        | Reached XP level 5. HP: 34/53 MP: 4/4
   438 | D        | Noticed a floating eye
   443 | D        | Paralysed by a floating eye for 4 turns
   447 | D        | Killed a floating eye
   447 | D        | Reached skill level 9 in Axes
   447 | D        | Reached XP level 6. HP: 63/63 MP: 5/5
   506 | D        | Noticed an ice beast
   533 | D        | Killed an ice beast
   533 | D        | Reached skill level 10 in Axes
   535 | D        | Reached ** piety under Okawaru
   535 | D        | Reached skill level 10 in Fighting
   535 | D        | Reached skill level 11 in Axes
   553 | D        | Reached XP level 7. HP: 59/72 MP: 6/6
   626 | D        | Noticed a hill giant
   631 | D        | Killed a hill giant
   631 | D        | Reached *** piety under Okawaru
   631 | D        | Reached skill level 13 in Axes
   631 | D        | Reached XP level 8. HP: 41/82 MP: 7/7
   637 | D        | Noticed a flying skull
   640 | D        | Killed a flying skull
   640 | D        | Reached skill level 14 in Axes
   909 | D        | Noticed an orange demon
   923 | D        | Killed an orange demon
   923 | D        | Reached **** piety under Okawaru
   926 | D        | Reached skill level 15 in Axes
  1146 | D        | Noticed a blink frog
  1146 | D        | Noticed a blink frog
  1146 | D        | Noticed a blink frog
  1146 | D        | Noticed a blink frog
  1185 | D        | Killed a blink frog
  1185 | D        | Reached skill level 10 in Armour
  1185 | D        | Reached skill level 10 in Shields
  1188 | D        | Killed a blink frog
  1188 | D        | Reached XP level 9. HP: 43/90 MP: 5/8
  1189 | D        | Reached ***** piety under Okawaru
  1189 | D        | Reached skill level 16 in Axes
  1394 | D        | Noticed a komodo dragon
  1394 | D        | Noticed an orc knight
  1411 | D        | Reached skill level 1 in Invocations
  1419 | D        | Killed an orc knight
  1437 | D        | Killed an unseen horror
  1437 | D        | Reached skill level 17 in Axes
  1583 | D        | Noticed a demonic crawler
  1587 | D        | Banished a demonic crawler
  1661 | D        | Noticed a rime drake
  1666 | D        | Killed a rime drake
  1666 | D        | Reached XP level 10. HP: 77/101 MP: 9/9
  1804 | D        | Noticed an orange demon
  1816 | D        | Killed an orange demon
  1816 | D        | Reached ****** piety under Okawaru
  1816 | D        | Received a gift from Okawaru
  1816 | D        | Reached skill level 18 in Axes
  1817 | D        | Got a faintly glowing broad axe {god gift}
  1818 | D        | Identified the +10 broad axe of Awkwardness {venom, Stlth+} (Okawaru gifted it to you in the Dungeon)
  1896 | D        | Noticed a swamp dragon
  1917 | D        | Killed a swamp dragon
  2280 | D        | Noticed a sea snake
  2280 | D        | Noticed a deep elf mage
  2282 | D        | Noticed an orc knight
  2283 | D        | Noticed a phantasmal warrior
  2291 | D        | Killed a phantasmal warrior
  2293 | D        | Killed a sea snake
  2295 | D        | Reached skill level 15 in Fighting
  2309 | D        | Killed an orc knight
  2309 | D        | Received a gift from Okawaru
  2315 | D        | Reached skill level 19 in Axes
  2323 | D        | Killed a deep elf mage
  2323 | D        | Reached XP level 11. HP: 46/114 MP: 11/11
  2726 | D        | Noticed Harold
  2734 | D        | Killed Harold
  2748 | D        | Noticed a minotaur
  2759 | D        | Killed a minotaur
  2784 | D        | Noticed a necromancer
  2796 | D        | Killed a necromancer
  2796 | D        | Received a gift from Okawaru
  3166 | D        | Noticed a merfolk impaler
  3183 | D        | Killed a merfolk impaler
  3183 | D        | Reached skill level 20 in Axes
  3184 | D        | Noticed a swamp dragon
  3188 | D        | Killed a swamp dragon
  3196 | D        | Noticed a death cob
  3202 | D        | Noticed a sixfirhy
  3205 | D        | Noticed a vampire mage
  3214 | D        | Killed a sixfirhy
  3214 | D        | Received a gift from Okawaru
  3244 | D        | HP: 6/121 [death cob (24)]
  3249 | D        | HP: 2/121 [death cob (15)]
  3249 | D        | Mangled by a death cob

Vault maps used:
D:        pitsprint

Skill      XL: |  1  2  3  4  5  6  7  8  9 10 11 |
---------------+----------------------------------+-----
Fighting       | 4 5 8 9 10 11 12 13 15 18 | 18.6
Axes           | 3 4 7 9 11 13 15 17 19 20 | 20.6
Armour         | 4 6 7 8 9 10 11 13 14 | 14.4
Shields        | 4 6 7 8 9 10 11 13 14 | 14.3
Invocations    | 1 2 3 |  3.1

Action                   |  1- 3 |  4- 6 |  7- 9 | 10-12 || total
-------------------------+-------+-------+-------+-------++-------
Melee: War axe           |    18 |    42 |    99 |    18 ||   177
       Headbutt          |     3 |    10 |    23 |    33 ||    69
       Broad axe         |       |       |       |   125 ||   125
Invok: Heroism           |       |     1 |     2 |     2 ||     5
       Finesse           |       |       |       |     1 ||     1
  Use: Potion            |       |       |     2 |     8 ||    10
       Scroll            |       |       |       |     2 ||     2
 Stab: Invisible         |       |       |       |     1 ||     1
  Eat: Chunk             |       |       |     2 |     5 ||     7
Armor: Scale mail        |     9 |       |       |       ||     9
       Plate armour      |       |    19 |    29 |    26 ||    74
       Chain mail        |       |       |       |    11 ||    11
Dodge: Dodged            |    11 |     4 |    17 |    30 ||    62
Block: Shield            |     8 |    23 |    34 |    61 ||   126
